 Dungeon Crawl Stone Soup version 0.20.1-1-g8b1a95d (webtiles) character file.

11543 dohliylev the Unseen (level 11, -5/73 HPs)
             Began as a Vampire Enchanter on July 9, 2017.
             Was a Believer of Dithmenos.
             Shot with a bolt by an orc knight (21 damage)
             ... on level 2 of the Orcish Mines.
             The game lasted 01:43:04 (15079 turns).

dohliylev the Unseen (Vampire Enchanter)           Turns: 15079, Time: 01:43:05

Health: -5/73      AC:  6    Str:  7    XL:     11   Next: 50%
Magic:  0/30       EV: 15    Int: 19    God:    Dithmenos [**....]
Gold:   971        SH:  5    Dex: 17    Spells: 15/23 levels left

rFire    . . .     SeeInvis +   a - +4 short sword (freeze)
rCold    . . .     Gourm    .   g - +0 buckler
rNeg     + . .     Faith    .   X - +2 robe {MR+}
rPois    .         Spirit   +   Q - +0 helmet
rElec    .         Reflect  .   (no cloak)
rCorr    .         Harm     .   M - +0 pair of gloves
MR       ++...                  (no boots)
Stlth    +++++++++.             Y - amulet of guardian spirit
Regen    0.3/turn               v - ring of stealth
MPRegen  0.3/turn               A - ring of magical power

@: wreathed by umbra
A: fangs 3, see invisible, unbreathing
a: Bat Form, Shadow Step, Renounce Religion


You were on level 2 of the Orcish Mines.
You worshipped Dithmenos.
Dithmenos was pleased with you.
You were not thirsty.

You visited 3 branches of the dungeon, and saw 12 of its levels.
You also visited: Ossuary and Bailey.

You collected 971 gold pieces.

Inventory:

Hand Weapons
 a - a +4 short sword of freezing (weapon)
 b - a +0 blowgun
 c - a +2 rapier of draining
Missiles
 q - 51 poisoned needles
 x - 6 javelins of returning (quivered)
Armour
 g - a +0 buckler (worn)
 D - a +0 troll leather armour
 M - a +0 pair of gloves (worn)
 Q - a +0 helmet (worn)
 X - a +2 robe of magic resistance (worn)
Magical Staves
 s - an uncursed staff of air
Jewellery
 p - an uncursed ring of fire
 v - a ring of stealth (left hand)
 z - an uncursed ring of positive energy
 A - a ring of magical power (right hand)
 Y - an amulet of guardian spirit (around neck)
Wands
 y - a wand of confusion (26/48)
 B - a wand of enslavement (13/24)
 G - a wand of paralysis (15/24)
 R - a wand of lightning (7/15)
 S - a wand of paralysis (8/24)
Scrolls
 f - 3 scrolls of amnesia
 h - 6 scrolls of teleportation
 m - 2 scrolls of blinking
 u - a scroll of fog {unknown}
 w - 2 scrolls of enchant weapon
 H - a scroll of fear {unknown}
 L - a scroll of holy word {unknown}
 O - a scroll of acquirement {unknown}
 P - a scroll of recharging {unknown}
 W - a scroll of immolation {unknown}
Potions
 d - 18 potions of blood
 i - 2 potions of heal wounds {unknown}
 k - 3 potions of magic
 l - a potion of degeneration {unknown}
 n - a potion of invisibility {unknown}
 o - 3 potions of ambrosia {unknown}
 t - 3 potions of curing
 E - 2 potions of mutation {unknown}
 F - a potion of resistance {unknown}
 I - a potion of cancellation {unknown}
 J - a potion of haste {unknown}
 K - a potion of agility
Books
 e - a book of Cantrips

   Spells                             Type                      Level
   a - Confusing Touch                Hexes                        1
   b - Animate Skeleton               Necromancy                   1
   c - Summon Small Mammal            Summoning                    1
   d - Apportation                    Translocation                1
 j - a book of Maledictions

   Spells                             Type                      Level
   a - Corona                         Hexes                        1
   b - Ensorcelled Hibernation        Hexes/Ice                    2
   c - Confuse                        Hexes                        3
   d - Tukima's Dance                 Hexes                        3
   e - Dazzling Spray                 Conjuration/Hexes            3
 r - a book of Misfortune

   Spells                             Type                      Level
   a - Confusing Touch                Hexes                        1
   b - Confuse                        Hexes                        3
   c - Gell's Gravitas                Translocation                3
   d - Petrify                        Transmutation/Earth          4
   e - Metabolic Englaciation         Hexes/Ice                    5
   f - Yara's Violent Unravelling     Hexes/Transmutation          5
 U - a book of Maledictions

   Spells                             Type                      Level
   a - Corona                         Hexes                        1
   b - Ensorcelled Hibernation        Hexes/Ice                    2
   c - Confuse                        Hexes                        3
   d - Tukima's Dance                 Hexes                        3
   e - Dazzling Spray                 Conjuration/Hexes            3


   Skills:
 + Level 2.5 Fighting
 + Level 5.2 Short Blades
 + Level 2.5 Armour
 + Level 4.4 Dodging
 + Level 15.3 Stealth
 + Level 4.9 Shields
 + Level 6.7 Spellcasting
 + Level 2.2 Conjurations
 + Level 11.0 Hexes
 + Level 6.0 Ice Magic


You had 15 spell levels left.
You knew the following spells:

 Your Spells              Type           Power        Failure   Level  Hunger
b - Ensorcelled Hibernat  Hex/Ice        #####.       1%          2    None
c - Tukima's Dance        Hex            #####...     1%          3    ##.....
d - Dazzling Spray        Conj/Hex       ####..       1%          3    ##.....


Dungeon Overview and Level Annotations

Branches:
Dungeon (9/15)             Temple (1/1) D:4             Orc (2/2) D:9
    Elf (0/3) Orc:2
   Lair: D:8-11

Altars:
Ashenzari
Cheibriados
Dithmenos
Elyvilon
Fedhas
Gozag
Hepliaklqana
Kikubaaqudgha
Makhleb
Nemelex Xobeh
Okawaru
Qazlal
Ru
Sif Muna
Trog
Uskayaw
Vehumet
Xom
Yredelemnul
Zin
The Shining One
Beogh

Shops:
D:7 *   D:9 (

Annotations:
Orc:2 Nahar's ghost, journeyman DsBe


Innate Abilities, Weirdness & Mutations

You have razor-sharp teeth.
You have supernaturally acute eyesight. (SInv)
You can survive without breathing.


Message History

Yummy - fresh blood!
The centaur wields a runed shortbow.
The centaur shoots an arrow.
You block the arrow.
The centaur shoots an arrow.
The arrow hits you!
* * * LOW HITPOINT WARNING * * *
You hear a shout!
An orc, 2 orc warriors and an orc knight come into view.
The centaur shoots an arrow.
The arrow barely misses you.
The orc knight roars a battlecry!
The orcs go into a battle-frenzy!
An orc knight comes into view. It is wielding a broad axe.
The centaur shoots an arrow.
The arrow misses you.
The orc warrior unwields an uncursed battleaxe.
The orc warrior wields an arbalest.
The orc warrior shoots a bolt.
The bolt hits you.
* * * LOW HITPOINT WARNING * * *
The centaur shoots an arrow.
You block the arrow.
The orc knight unwields an uncursed broad axe.
The orc knight wields an arbalest.
The orc knight shoots a bolt.
The bolt hits you!!
You die...

.......#
......#..#
≈.....#..#
.........#
ooo...o. ...#
##≈≈≈≈.oo..#..#
###≈≈≈≈..o.o.#..#
##≈≈≈≈......o...@#
#≈≈≈........oo#..#
#≈≈..........##.(#
#...##..##.(##(..#
...........o)c).##
........c..().(##
################


You could see 2 orc knights, 4 orc warriors, a centaur and an orc.

Vanquished Creatures
  A hydra (D:9)
  2 two-headed ogres
  Pikel (D:6)
  2 orc knights
  Joseph (D:7)
  3 trolls
  2 dream sheep (D:9)
  Grinder (D:4)
  A hippogriff (D:7)
  Sigmund (D:6)
  2 yaks (D:9)
  A water moccasin (D:7)
  4 sky beasts
  An ice beast (D:8)
  A black bear (D:7)
  15 orc warriors
  6 ogres
  A phantom (D:5)
  10 centaurs
  A crocodile (D:9)
  4 big kobolds (D:9)
  Blork the orc (D:5)
  4 bullfrogs
  A wyvern zombie (D:9)
  A water moccasin skeleton (D:8)
  8 wights
  4 howler monkeys
  5 crimson imps
  A quasit (D:9)
  5 hounds
  4 jellies
  6 orc wizards
  4 orc priests
  2 centaur skeletons
  A bullfrog skeleton (D:8)
  4 iguanas
  3 worker ants
  A big kobold zombie (Ossuary)
  A hound skeleton (D:4)
  8 mummies (Ossuary)
  A howler monkey zombie (D:9)
  A worker ant zombie (D:5)
  12 adders
  3 gnolls (D:7)
  4 shadow imps
  2 oozes
  2 adder zombies
  An adder skeleton (D:6)
  6 worms
  4 dart slugs
  A leopard gecko (D:2)
  35 orcs
  A ball python (D:1)
  4 giant cockroaches
  9 goblins
  8 hobgoblins
  7 jackals
  7 quokkas
  5 bats
  7 frilled lizards
  A gnoll zombie (Ossuary)
  2 hobgoblin zombies (Ossuary)
  8 kobolds
  A leopard gecko skeleton (D:6)
  4 orc zombies (Ossuary)
  A quokka skeleton (D:4)
  A quokka zombie (D:5)
  6 rats
269 creatures vanquished.

Vanquished Creatures (collateral kills)
  An orc warrior (Orc:1)
  3 wights (D:9)
4 creatures vanquished.

Vanquished Creatures (others)
  2 dancing weapons
  A crimson imp (D:6)
  A hound (D:6)
  An orc (D:6)
5 creatures vanquished.

Grand Total: 278 creatures vanquished

Notes
Turn   | Place    | Note
-------+----------+-------------------------------------------
     0 | D:1      | dohliylev the Vampire Enchanter began the quest for the Orb.
     0 | D:1      | Reached XP level 1. HP: 13/13 MP: 3/3
   916 | D:1      | Reached XP level 2. HP: 15/19 MP: 5/5
  1168 | D:1      | Reached skill level 5 in Stealth
  1373 | D:2      | Reached XP level 3. HP: 15/24 MP: 2/6
  1540 | D:2      | Reached skill level 6 in Stealth
  1544 | D:2      | Learned a level 2 spell: Ensorcelled Hibernation
  1763 | D:2      | Reached XP level 4. HP: 17/30 MP: 1/7
  1799 | D:2      | Reached skill level 7 in Stealth
  2765 | D:3      | Found a bloodstained altar of Trog.
  3116 | D:3      | Reached skill level 8 in Stealth
  3237 | D:3      | Found a basalt altar of Yredelemnul.
  3437 | D:3      | Found a shimmering altar of Xom.
  3452 | D:3      | Reached XP level 5. HP: 19/35 MP: 1/8
  3758 | D:4      | Found a transporter.
  3777 | D:4      | Found a transporter.
  3825 | D:4      | Noticed Grinder
  3909 | D:4      | Learned a level 3 spell: Tukima's Dance
  4060 | D:4      | Reached skill level 9 in Stealth
  4170 | D:4      | Paralysed by Grinder for 2 turns
  4186 | D:4      | Paralysed by Grinder for 3 turns
  4189 | D:5      | Entered Level 5 of the Dungeon
  4285 | D:5      | Found a hazy altar of Hepliaklqana.
  4289 | D:5      | Reached XP level 6. HP: 41/41 MP: 9/9
  4297 | D:5      | Reached skill level 10 in Stealth
  4299 | D:5      | Reached skill level 1 in Shields
  4587 | D:5      | Noticed a sky beast
  4590 | D:5      | Killed a sky beast
  4782 | D:5      | Reached XP level 7. HP: 45/46 MP: 7/10
  4831 | D:5      | Noticed Blork the orc
  4904 | D:5      | Killed Blork the orc
  4904 | D:5      | Reached skill level 5 in Hexes
  4904 | D:5      | Reached skill level 1 in Ice Magic
  4942 | D:5      | Found a deep blue altar of Sif Muna.
  5429 | D:6      | Learned a level 3 spell: Dazzling Spray
  5997 | D:4      | Found a staircase to the Ecumenical Temple.
  6003 | Temple   | Entered the Ecumenical Temple
  6024 | Temple   | Became a worshipper of Dithmenos the Shadowed
  6308 | D:4      | Reached XP level 8. HP: 53/53 MP: 10/12
  6383 | D:4      | Paralysed by Grinder for 4 turns
  6862 | D:4      | Reached skill level 11 in Stealth
  7215 | D:6      | Found a white marble altar of Elyvilon.
  7348 | D:6      | Noticed Sigmund
  7355 | D:6      | Killed Sigmund
  7371 | D:6      | Reached skill level 1 in Fighting
  7381 | D:6      | Noticed Pikel
  7386 | D:6      | Killed Pikel
  7386 | D:6      | Reached skill level 1 in Conjurations
  7434 | D:6      | Noticed a troll
  7438 | D:6      | Killed a troll
  7438 | D:6      | Reached skill level 12 in Stealth
  7438 | D:6      | Reached XP level 9. HP: 59/59 MP: 5/14
  7767 | D:6      | Reached * piety under Dithmenos
  9177 | D:4      | Paralysed by Grinder for 7 turns
  9188 | D:4      | Killed Grinder
  9372 | D:7      | Noticed Joseph
  9388 | D:7      | Killed Joseph
  9388 | D:7      | Reached skill level 1 in Armour
  9521 | D:7      | Found a sparkling altar of Nemelex Xobeh.
  9605 | D:7      | Found a sand-covered staircase.
  9612 | Ossuary  | Entered an ossuary
 10387 | D:7      | Reached ** piety under Dithmenos
 10387 | D:7      | Reached skill level 13 in Stealth
 10665 | D:7      | Found Veckepi's Assorted Antiques.
 10690 | D:7      | Reached skill level 5 in Spellcasting
 10761 | D:7      | Reached XP level 10. HP: 67/67 MP: 17/17
 11051 | D:8      | Noticed a two-headed ogre
 11067 | D:7      | Killed a two-headed ogre
 11081 | D:8      | Found a sacrificial altar of Ru.
 11123 | D:8      | Found a flagged portal.
 11141 | Bailey   | Entered a bailey
 11731 | Bailey   | Got a steaming bardiche
 11732 | Bailey   | Noticed an orc knight
 11734 | Bailey   | Reached skill level 5 in Ice Magic
 11736 | Bailey   | Killed an orc knight
 11738 | Bailey   | Reached skill level 14 in Stealth
 11756 | Bailey   | Got a fine bardiche
 11989 | D:8      | Found an iron altar of Okawaru.
 11998 | D:8      | Found a burning altar of Makhleb.
 12082 | D:8      | Found a sparkling altar of Nemelex Xobeh.
 12082 | D:8      | Noticed a two-headed ogre
 12083 | D:8      | Found a glowing golden altar of the Shining One.
 12155 | D:8      | Killed a two-headed ogre
 12155 | D:8      | Reached skill level 10 in Hexes
 12386 | D:8      | Found a white marble altar of Elyvilon.
 12388 | D:8      | Found a snail-covered altar of Cheibriados.
 12397 | D:8      | Found a stormy altar of Qazlal.
 12430 | D:8      | Identified the cursed +1 bardiche of Cyffuar {antimagic, rElec} (You found it in a bailey)
 12689 | D:9      | Reached XP level 11. HP: 73/73 MP: 20/20
 12771 | D:9      | Found a staircase to the Orcish Mines.
 12819 | D:9      | Found Cotu's Weapon Shoppe.
 13058 | D:9      | Reached skill level 5 in Short Blades
 13507 | D:9      | Noticed a three-headed hydra
 13681 | D:9      | Killed a three-headed hydra
 13681 | D:9      | Reached skill level 15 in Stealth
 13858 | D:9      | Reached *** piety under Dithmenos
 14280 | Orc:1    | Entered Level 1 of the Orcish Mines
 14280 | Orc:1    | Found a roughly hewn altar of Beogh.
 14366 | Orc:1    | Noticed an orc knight
 14617 | Orc:1    | Killed an orc knight
 14832 | Orc:2    | Entered Level 2 of the Orcish Mines
 14931 | Orc:2    | Noticed Nahar's ghost (journeyman DsBe)
 14938 | Orc:2    | Found a staircase to the Elven Halls.
 15078 | Orc:2    | Noticed an orc knight
 15079 | Orc:2    | Noticed an orc knight
 15079 | Orc:2    | Shot with a bolt by an orc knight

Skill      XL: |  1  2  3  4  5  6  7  8  9 10 11 |
---------------+----------------------------------+-----
Stealth        | 5 6 8 9 10 12 13 14 15 | 15.3
Shields        | 3 4 |  4.9
Hexes          | 5 7 8 10 11 | 11.0
Ice Magic      | 1 3 4 5 6 |  6.0
Short Blades   | 2 3 4 5 |  5.2
Spellcasting   | 3 5 6 |  6.7
Fighting       | 1 2 |  2.5
Dodging        | 3 4 |  4.4
Conjurations   | 1 2 |  2.2
Armour         | 1 2 |  2.5

Action                   |  1- 3 |  4- 6 |  7- 9 | 10-12 || total
-------------------------+-------+-------+-------+-------++-------
Melee: Dagger            |    89 |   153 |   402 |   213 ||   857
       Bite              |     8 |    11 |    38 |    15 ||    72
       Short sword       |       |       |       |    29 ||    29
Throw: Javelin           |       |       |     7 |     1 ||     8
 Cast: Corona            |    11 |    16 |    27 |       ||    54
       Ensorcelled Hiber |     8 |    36 |    56 |    93 ||   193
       Tukima's Dance    |       |     1 |     1 |    10 ||    12
       Dazzling Spray    |       |       |    64 |    39 ||   103
Invok: Shadow Step       |       |       |       |     7 ||     7
 Abil: End Transformatio |       |       |     9 |     9 ||    18
       Bat Form          |       |       |     9 |     9 ||    18
  Use: Potion            |     4 |     5 |    16 |     7 ||    32
       Scroll            |       |       |     5 |     5 ||    10
 Stab: Sleeping          |    14 |    33 |    51 |    81 ||   179
       Distracted        |       |       |     1 |     3 ||     4
       Invisible         |       |       |     3 |     2 ||     5
  Eat: Corpse            |     2 |     5 |     2 |     2 ||    11
Armor: Robe              |     8 |    23 |    10 |     3 ||    44
       Troll leather arm |       |       |    25 |    16 ||    41
Dodge: Dodged            |    55 |    72 |   184 |   155 ||   466
Block: Buckler           |     8 |    25 |    54 |    63 ||   150
